 Dungeon Crawl Stone Soup version 0.21.1-1-g345015fe64 (webtiles) character file.

37 Gargoyl the Skirmisher (level 3, -1/31 HPs)
             Began as a Centaur Abyssal Knight on May 18, 2018.
             Was a Follower of Lugonu.
             Slain by Crazy Yiuf
             ... wielding a +2 quarterstaff of chaos
              (9 damage)
             ... on level 2 of the Dungeon.
             The game lasted 00:03:19 (1424 turns).

Gargoyl the Skirmisher (Centaur Abyssal Knight)     Turns: 1424, Time: 00:03:20

Health: -1/31      AC:  9    Str: 11 (14) XL:     3   Next: 23%
Magic:  3/4        EV: 11    Int:  8 (11) God:    Lugonu [*.....]
Gold:   100        SH:  0    Dex:  8 (9)  Spells: 2/2 levels left

rFire    . . .     SeeInvis .   o - +2 whip (venom)
rCold    . . .     Gourm    .   (no shield)
rNeg     . . .     Faith    .   f - +0 scale mail
rPois    .         Spirit   .   j - +2 helmet
rElec    .         Reflect  .   (no cloak)
rCorr    .         Harm     .   (no gloves)
MR       .....                  (no barding)
Stlth    ..........             (no amulet)
HPRegen  0.10/turn              d - +5 ring of evasion
MPRegen  0.09/turn              (no ring)

@: very quick
A: large, hooves 3, deformed body, speed 2, tough skin 3
a: Depart the Abyss, Renounce Religion


You were on level 2 of the Dungeon.
You worshipped Lugonu.
Lugonu was aware of your devotion.
You were hungry.

You visited 1 branch of the dungeon, and saw 2 of its levels.
You visited the Abyss 1 time.

You collected 100 gold pieces.

Inventory:

Hand Weapons
 a - a +1 hand axe
 o - a +2 whip of venom (weapon)
Missiles
 g - 12 tomahawks (quivered)
Armour
 f - a +0 scale mail (worn)
 j - a +2 helmet (worn)
Jewellery
 b - an uncursed amulet of harm {unknown}
 d - a +5 ring of evasion (left hand)
Scrolls
 n - a scroll of remove curse
Potions
 e - 2 potions of haste {unknown}
 h - 3 potions of flight
 i - a potion of degeneration
 k - 2 potions of curing {unknown}
 m - a potion of might {unknown}
 q - a potion of agility {unknown}
Comestibles
 c - 2 rations


   Skills:
 + Level 3.6 Fighting
 + Level 2.0 Axes
 + Level 0.1(1.1) Maces & Flails
 * Level 1.7 Armour
 + Level 0.6 Dodging
 * Level 2.4 Invocations


You had 2 spell levels left.
You didn't know any spells.

Dungeon Overview and Level Annotations

Branches:
Dungeon (2/15)

Altars:
Cheibriados
Elyvilon
Kikubaaqudgha
Okawaru
Sif Muna
Xom

Annotations:
D:2 Crazy Yiuf


Innate Abilities, Weirdness & Mutations

You have hooves in place of feet.
Armour fits poorly on your strangely shaped body.
You cover ground very quickly.
You have extremely tough skin. (AC +3)


Message History

There is an open door here.
You barely miss Crazy Yiuf.
Crazy Yiuf hits you with a quarterstaff of chaos.
You feel your power leaking away.
You hit Crazy Yiuf but do no damage.
Crazy Yiuf is poisoned.
Crazy Yiuf hits you with a quarterstaff of chaos!
Crazy Yiuf burns you.
You closely miss Crazy Yiuf.
Crazy Yiuf is lightly wounded.
Crazy Yiuf hits you with a quarterstaff of chaos!
* * * LOW HITPOINT WARNING * * *
You barely miss Crazy Yiuf.
Crazy Yiuf is moderately wounded.
Unknown command.
It was a potion of degeneration.
There was something very wrong with that liquid.
You feel weakened.
You feel dopey.
You feel clumsy.
Crazy Yiuf twirls on the spot.
Crazy Yiuf hits you with a quarterstaff of chaos!
You die...

##########.#
#..........#
#.########.# #.#
### #.# #.#
#.###♣♣ *####
#...#.♣♣ ♣♣#..)#
#......♣♣♣♣.@g..#
##......♣..♣#...#
##.#..♣.♣♣♣*####
###♣♣♣♣♣


You could see Crazy Yiuf.

Vanquished Creatures
  3 dart slugs (D:1)
  3 leopard geckos (D:2)
  2 ball pythons (D:1)
  A giant cockroach (D:2)
  2 goblins (D:2)
  2 hobgoblins
  4 kobolds
  4 bats
  A frilled lizard (D:2)
  6 rats
28 creatures vanquished.

Notes
Turn   | Place    | Note
-------+----------+-------------------------------------------
     0 | Abyss:1  | Gargoyl the Centaur Abyssal Knight began the quest for the Orb.
     0 | Abyss:1  | Reached XP level 1. HP: 19/19 MP: 2/2
   112 | Abyss:1  | Noticed a small abomination
   119 | D:1      | Escaped the Abyss
   201 | D:1      | Reached XP level 2. HP: 25/26 MP: 3/3
   208 | D:1      | Reached * piety under Lugonu
   979 | D:2      | Reached XP level 3. HP: 28/31 MP: 4/4
  1172 | D:2      | Found a runed door.
  1284 | D:2      | Found a white marble altar of Elyvilon.
  1287 | D:2      | Found an ancient bone altar of Kikubaaqudgha.
  1287 | D:2      | Found a shimmering altar of Xom.
  1287 | D:2      | Found a deep blue altar of Sif Muna.
  1293 | D:2      | Found a snail-covered altar of Cheibriados.
  1293 | D:2      | Found an iron altar of Okawaru.
  1418 | D:2      | Noticed Crazy Yiuf
  1424 | D:2      | Slain by Crazy Yiuf

Skill      XL: |  1  2 |
---------------+-------+-----
Axes           | 2 |  2.0
Fighting       | |  3.6
Maces & Flails | |  0.1
Armour         | |  1.7
Dodging        | |  0.6
Invocations    | |  2.4

Action                   || total
-------------------------++-------
Melee: Hand axe          ||    53
       Kick              ||    11
       Whip              ||    26
Invok: Depart the Abyss  ||     1
  Use: Scroll            ||     5
       Potion            ||     1
Armor: Leather armour    ||    19
       Scale mail        ||     8
Dodge: Dodged            ||    63
